MLB
ATLANTA BRAVES @ MILWAUKEE BREWERS
06/09/2045
 
TOP OF THE 1ST
Atlanta Braves batting - Pitching for Milwaukee Brewers : RHP Chitoji Takemoto
Pitching: RHP Chitoji Takemoto
Batting: RHB Jeckel Hester 0-0: Called Strike
0-1: Fly out, F9 (Flyball, 89M, EV 93.1 MPH)
Batting: RHB Jordan Martin 0-0: Ground out 6-3 (Groundball, 6MS, EV 61.9 MPH)
Batting: LHB Xavier Pittman 0-0: Ball
1-0: Called Strike
1-1: Ball
2-1: Ball
3-1: Ground out 5-3 (Groundball, 5S, EV 86.2 MPH)
Top of the 1st over - 0 runs, 0 hits, 0 errors, 0 left on base; Atlanta 0 - Milwaukee 0
BOTTOM OF THE 1ST
Milwaukee Brewers batting - Pitching for Atlanta Braves : RHP Casey Jones
Pitching: RHP Casey Jones
Batting: SHB Jamel Wright 0-0: SINGLE (Line Drive, 8LS, EV 109.4 MPH)
Batting: RHB Adrian Rudkilde 0-0: Called Strike
0-1: Ball
1-1: SINGLE (Flyball, 89S, EV 85.6 MPH)
Jamel Wright to second
Runner from 2nd tries for 3rd, SAFE, no throw by RF
Batting: SHB Lewis Thorpe Jr. 0-0: Ball
1-0: Foul Ball, location: 2F
1-1: Called Strike
1-2: Ball
2-2: Foul Ball, location: 2F
2-2: Fielders Choice at 2nd, 3-6 (Groundball, 3, EV 83.8 MPH)
Jamel Wright scores
Batting: SHB Jason Woods 0-0: Called Strike
Lewis Thorpe Jr. steals 2nd, throwing error, E2
Lewis Thorpe Jr. to third
0-1: Foul Ball, location: 2F
0-2: Ball
1-2: Strikes out swinging
Batting: RHB Bobby Muniz 0-0: Ball
1-0: Foul Ball, location: 2F
1-1: Ball
2-1: Called Strike
2-2: Fly out, F8 (Line Drive, 8RD, EV 89.4 MPH)
Bottom of the 1st over - 1 run, 2 hits, 1 error, 1 left on base; Atlanta 0 - Milwaukee 1
TOP OF THE 2ND
Atlanta Braves batting - Pitching for Milwaukee Brewers : RHP Chitoji Takemoto
Batting: RHB Willie Cardamone 0-0: Called Strike
0-1: Ball
1-1: Ball
2-1: Swinging Strike
2-2: Foul Ball, location: 2F
2-2: SINGLE (Groundball, 34S, EV 70.0 MPH) (infield hit)
Batting: LHB Colin Worthington 0-0: Ball
Willie Cardamone steals 2nd, throwing error, E2
Willie Cardamone to third
1-0: Ground out 2-3 (Groundball, 2L, EV 76.9 MPH)
Batting: RHB Butch Kaiser 0-0: Called Strike
0-1: Ball
1-1: Ball
2-1: 2-RUN HOME RUN (Line Drive, 9D, EV 100.0 MPH), Distance : 385 ft
Batting: RHB Ray Llewellyn 0-0: Foul Ball, location: 2F
0-1: Foul Ball, location: 2F
0-2: Fly out, F4 (Line Drive, 4, EV 73.8 MPH)
Batting: RHB Tade Post 0-0: Ground out 5-3 (Groundball, 56S, EV 84.4 MPH)
Top of the 2nd over - 2 runs, 2 hits, 1 error, 0 left on base; Atlanta 2 - Milwaukee 1
BOTTOM OF THE 2ND
Milwaukee Brewers batting - Pitching for Atlanta Braves : RHP Casey Jones
Batting: SHB Jean-François Bernard 0-0: Foul Ball, location: 2F
0-1: Ball
1-1: Ball
2-1: Swinging Strike
2-2: Ball
3-2: Fly out, F7 (Flyball, 7D, EV 93.1 MPH)
Batting: RHB Akitada Nishizawa 0-0: Called Strike
0-1: Foul Ball, location: 2F
0-2: Ball
1-2: Ball
2-2: Ball
3-2: Strikes out swinging
Batting: SHB Pat Wilson 0-0: Ball
1-0: Ball
2-0: Called Strike
2-1: DOUBLE (Line Drive, 9LM, EV 111.9 MPH)
Batting: RHB Kisho Ito 0-0: Ball
1-0: Fly out, F8 (Flyball, 8LS, EV 78.8 MPH)
Bottom of the 2nd over - 0 runs, 1 hit, 0 errors, 1 left on base; Atlanta 2 - Milwaukee 1
TOP OF THE 3RD
Atlanta Braves batting - Pitching for Milwaukee Brewers : RHP Chitoji Takemoto
Batting: RHB Liangde Li 0-0: Ball
1-0: Ball
2-0: Ball
3-0: Called Strike
3-1: Base on Balls
Batting: RHB Jeckel Hester 0-0: Called Strike
0-1: Ball
Liangde Li steals 2nd base (no throw)
1-1: Fly out, F2 (Popup, 23F, EV 85.0 MPH)
Batting: RHB Jordan Martin 0-0: Called Strike
Liangde Li steals 3rd base
0-1: Swinging Strike
0-2: Ball
1-2: Foul Ball, location: 2F
1-2: Foul Ball, location: 2F
1-2: Ball
2-2: Ground out 6-3 (Groundball, 6, EV 86.2 MPH)
Liangde Li scores
Batting: LHB Xavier Pittman 0-0: Ball
1-0: Ground out 4-3 (Groundball, 4, EV 90.0 MPH)
Top of the 3rd over - 1 run, 0 hits, 0 errors, 0 left on base; Atlanta 3 - Milwaukee 1
BOTTOM OF THE 3RD
Milwaukee Brewers batting - Pitching for Atlanta Braves : RHP Casey Jones
Batting: SHB Jamel Wright 0-0: Foul Ball, location: 2F
0-1: Swinging Strike
0-2: Ball
1-2: Strikes out swinging
Batting: RHB Adrian Rudkilde 0-0: Called Strike
0-1: Ball
1-1: Called Strike
1-2: Fly out, F9 (Flyball, 9LM, EV 103.8 MPH)
Batting: SHB Lewis Thorpe Jr. 0-0: Called Strike
0-1: Ball
1-1: Swinging Strike
1-2: Ball
2-2: Ball
3-2: SOLO HOME RUN (Flyball, 9D, EV 96.9 MPH), Distance : 379 ft
Batting: SHB Jason Woods 0-0: Called Strike
0-1: Called Strike
0-2: Foul Ball, location: 2F
0-2: Ball
1-2: Foul Ball, location: 2F
1-2: Ball
2-2: Foul Ball, location: 2F
2-2: Foul Ball, location: 2F
2-2: Foul Ball, location: 2F
2-2: DOUBLE (Flyball, 8RXD, EV 93.1 MPH)
Batting: RHB Bobby Muniz 0-0: Called Strike
0-1: Ball
1-1: Ball
2-1: Called Strike
2-2: SINGLE (Groundball, 34D, EV 102.5 MPH)
Jason Woods to third
Runner from 3rd tries for Home, SAFE, throw by RF to home
Batting: SHB Jean-François Bernard 0-0: Ball
1-0: SINGLE (Groundball, 34, EV 106.9 MPH)
Bobby Muniz to second
Runner from 2nd tries for 3rd, OUT! 9-5
Bottom of the 3rd over - 2 runs, 4 hits, 0 errors, 1 left on base; Atlanta 3 - Milwaukee 3
TOP OF THE 4TH
Atlanta Braves batting - Pitching for Milwaukee Brewers : RHP Chitoji Takemoto
Batting: RHB Willie Cardamone 0-0: Foul Ball, location: 2F
0-1: Fly out, F3 (Popup, 3S, EV 83.1 MPH)
Batting: LHB Colin Worthington 0-0: Ball
1-0: Swinging Strike
1-1: Called Strike
1-2: Foul Ball, location: 2F
1-2: Foul Ball, location: 2F
1-2: Ball
2-2: Foul Ball, location: 2F
2-2: Ball
3-2: Foul Ball, location: 2F
3-2: Foul Ball, location: 2F
3-2: Fly out, F5 (Line Drive, 5, EV 72.5 MPH)
Batting: RHB Butch Kaiser 0-0: Called Strike
0-1: Ball
1-1: Foul Ball, location: 2F
1-2: Ground out 6-3 (Groundball, 6S, EV 62.5 MPH)
Top of the 4th over - 0 runs, 0 hits, 0 errors, 0 left on base; Atlanta 3 - Milwaukee 3
BOTTOM OF THE 4TH
Milwaukee Brewers batting - Pitching for Atlanta Braves : RHP Casey Jones
Batting: RHB Akitada Nishizawa 0-0: Ball
1-0: Ball
2-0: Called Strike
2-1: Ground out 6-3 (Groundball, 6, EV 85.0 MPH)
Batting: SHB Pat Wilson 0-0: Ball
1-0: Foul Ball, location: 2F
1-1: Called Strike
1-2: Foul Ball, location: 2F
1-2: Foul Ball, location: 2F
1-2: Ball
2-2: Ground out U3 (Groundball, 3L, EV 88.1 MPH)
Batting: RHB Kisho Ito 0-0: Fly out, F8 (Flyball, 8RXD, EV 80.0 MPH)
Bottom of the 4th over - 0 runs, 0 hits, 0 errors, 0 left on base; Atlanta 3 - Milwaukee 3
TOP OF THE 5TH
Atlanta Braves batting - Pitching for Milwaukee Brewers : RHP Chitoji Takemoto
Batting: RHB Ray Llewellyn 0-0: Ball
1-0: Ball
2-0: Fly out, F7 (Flyball, 7LM, EV 88.8 MPH)
Batting: RHB Tade Post 0-0: Ball
1-0: DOUBLE (Line Drive, 9LM, EV 103.8 MPH)
Batting: RHB Liangde Li 0-0: Called Strike
0-1: Fly out, F3 (Popup, 3F, EV 58.8 MPH)
Batting: RHB Jeckel Hester 0-0: Ball
1-0: Called Strike
1-1: Swinging Strike
1-2: Ball
2-2: Foul Ball, location: 2F
2-2: Foul Ball, location: 2F
2-2: Foul Ball, location: 2F
2-2: Strikes out looking
Top of the 5th over - 0 runs, 1 hit, 0 errors, 1 left on base; Atlanta 3 - Milwaukee 3
BOTTOM OF THE 5TH
Milwaukee Brewers batting - Pitching for Atlanta Braves : RHP Casey Jones
Batting: SHB Jamel Wright 0-0: Ball
1-0: Foul Ball, location: 2F
1-1: Called Strike
1-2: Ball
2-2: TRIPLE (Flyball, 89XD, EV 108.8 MPH)
Batting: RHB Adrian Rudkilde 0-0: Foul Ball, location: 2F
0-1: Ball
1-1: Ball
2-1: Ball
3-1: Base on Balls
Batting: SHB Lewis Thorpe Jr. 0-0: Ball
1-0: Ball
2-0: Ball
3-0: Base on Balls
Adrian Rudkilde to second
Batting: SHB Jason Woods 0-0: Foul Ball, location: 2F
0-1: Called Strike
0-2: Ball
1-2: Strikes out swinging
Batting: RHB Bobby Muniz 0-0: Called Strike
0-1: Called Strike
0-2: Ball
1-2: Foul Ball, location: 2F
1-2: Ball
2-2: Strikes out looking
Batting: SHB Jean-François Bernard 0-0: Foul Ball, location: 2F
0-1: Ball
1-1: Foul Ball, location: 2F
1-2: Ground out 2-3 (Groundball, 2R, EV 69.4 MPH)
Bottom of the 5th over - 0 runs, 1 hit, 0 errors, 3 left on base; Atlanta 3 - Milwaukee 3
TOP OF THE 6TH
Atlanta Braves batting - Pitching for Milwaukee Brewers : RHP Chitoji Takemoto
Batting: RHB Jordan Martin 0-0: Foul Ball, location: 2F
0-1: Ground out 5-3 (Groundball, 56, EV 86.9 MPH)
Batting: LHB Xavier Pittman 0-0: Ball
1-0: Foul Ball, location: 2F
1-1: Swinging Strike
1-2: Strikes out swinging
Batting: RHB Willie Cardamone 0-0: Ball
1-0: Foul Ball, location: 2F
1-1: Called Strike
1-2: Ball
2-2: Ball
3-2: Foul Ball, location: 2F
3-2: Foul Ball, location: 2F
3-2: Foul Ball, location: 2F
3-2: Strikes out swinging
Top of the 6th over - 0 runs, 0 hits, 0 errors, 0 left on base; Atlanta 3 - Milwaukee 3
BOTTOM OF THE 6TH
Milwaukee Brewers batting - Pitching for Atlanta Braves : RHP Casey Jones
Pitching: RHP Larry Stegall
Batting: RHB Akitada Nishizawa 0-0: Ball
1-0: Foul Ball, location: 2F
1-1: Ball
2-1: Foul Ball, location: 2F
2-2: Foul Ball, location: 2F
2-2: Ground out 5-3 (Groundball, 56S, EV 67.5 MPH)
Batting: SHB Pat Wilson 0-0: Swinging Strike
0-1: Swinging Strike
0-2: Strikes out swinging
Batting: RHB Kisho Ito 0-0: Swinging Strike
0-1: Ball
1-1: Hit by Pitch
Batting: SHB Jamel Wright 0-0: Ball
Kisho Ito is caught stealing 2nd base 2-6
Bottom of the 6th over - 0 runs, 0 hits, 0 errors, 0 left on base; Atlanta 3 - Milwaukee 3
TOP OF THE 7TH
Atlanta Braves batting - Pitching for Milwaukee Brewers : RHP Chitoji Takemoto
Batting: LHB Colin Worthington 0-0: Fly out, F8 (Flyball, 8RXD, EV 98.1 MPH)
Batting: RHB Butch Kaiser 0-0: Called Strike
0-1: Foul Ball, location: 2F
0-2: Hit by Pitch
Batting: RHB Ray Llewellyn 0-0: Ball
1-0: Ball
2-0: SINGLE (Groundball, 56D, EV 100.6 MPH)
Butch Kaiser to second
Batting: RHB Tade Post 0-0: Ball
1-0: Grounds into double play, 5-4-3 (Groundball, 56, EV 103.1 MPH)
Top of the 7th over - 0 runs, 1 hit, 0 errors, 1 left on base; Atlanta 3 - Milwaukee 3
BOTTOM OF THE 7TH
Milwaukee Brewers batting - Pitching for Atlanta Braves : RHP Larry Stegall
Batting: SHB Jamel Wright 0-0: Ball
1-0: Called Strike
1-1: Called Strike
1-2: Fly out, F7 (Flyball, 7LS, EV 93.1 MPH)
Batting: RHB Adrian Rudkilde 0-0: SINGLE (Flyball, 6D, EV 87.5 MPH)
Batting: SHB Lewis Thorpe Jr. 0-0: Ball
1-0: Ball
2-0: Called Strike
2-1: SINGLE (Groundball, 4M, EV 101.2 MPH) (infield hit)
Adrian Rudkilde to second
Batting: SHB Jason Woods 0-0: Ball
1-0: Called Strike
1-1: Swinging Strike
1-2: Ball
2-2: SINGLE (Groundball, 4MD, EV 96.2 MPH)
Adrian Rudkilde to third
Lewis Thorpe Jr. to second
Runner from 3rd tries for Home, SAFE, throw by CF to home
Batting: RHB Bobby Muniz 0-0: Called Strike
Lewis Thorpe Jr. steals 3rd base
Jason Woods to second
0-1: Ball
1-1: DOUBLE (Line Drive, 9LS, EV 98.1 MPH)
Lewis Thorpe Jr. scores
Jason Woods scores
Pitching: RHP T.J. Balko
Batting: SHB Jean-François Bernard 0-0: Called Strike
0-1: Foul Ball, location: 2F
0-2: Ball
1-2: Ground out 1-3 (Groundball, 15S, EV 63.8 MPH)
Batting: RHB Akitada Nishizawa 0-0: Called Strike
0-1: Swinging Strike
0-2: Ball
1-2: Foul Ball, location: 2F
1-2: Foul Ball, location: 2F
1-2: Ball
2-2: SINGLE (Groundball, 56S, EV 63.8 MPH) (infield hit)
Bobby Muniz to third
Pinch Runner at 1st Noah Stanley:
Batting: SHB Pat Wilson 0-0: Foul Ball, location: 2F
0-1: Ball
1-1: Fly out, F5 (Popup, 5F, EV 66.2 MPH)
Bottom of the 7th over - 3 runs, 5 hits, 0 errors, 2 left on base; Atlanta 3 - Milwaukee 6
TOP OF THE 8TH
Atlanta Braves batting - Pitching for Milwaukee Brewers : RHP Chitoji Takemoto
Now at 1B: Noah Stanley
Now in RF: Lewis Thorpe Jr.
Batting: RHB Liangde Li 0-0: Ball
1-0: Ball
2-0: Foul Ball, location: 2F
2-1: Fly out, F9 (Flyball, 9LM, EV 93.8 MPH)
Batting: RHB Jeckel Hester 0-0: Ground out 4-3 (Groundball, 4, EV 103.8 MPH)
Batting: RHB Jordan Martin 0-0: Ball
1-0: Ball
2-0: Ground out 5-3 (Groundball, 56, EV 85.6 MPH)
Top of the 8th over - 0 runs, 0 hits, 0 errors, 0 left on base; Atlanta 3 - Milwaukee 6
BOTTOM OF THE 8TH
Milwaukee Brewers batting - Pitching for Atlanta Braves : RHP T.J. Balko
Batting: RHB Kisho Ito 0-0: Ground out 4-3 (Groundball, 13, EV 86.9 MPH)
Batting: SHB Jamel Wright 0-0: Foul Ball, location: 2F
0-1: Foul Ball, location: 2F
0-2: Fly out, F7 (Line Drive, 7, EV 97.5 MPH)
Batting: RHB Adrian Rudkilde 0-0: Called Strike
0-1: Ball
1-1: Ball
2-1: Ball
3-1: Fly out, F7 (Line Drive, 7, EV 90.6 MPH)
Bottom of the 8th over - 0 runs, 0 hits, 0 errors, 0 left on base; Atlanta 3 - Milwaukee 6
TOP OF THE 9TH
Atlanta Braves batting - Pitching for Milwaukee Brewers : RHP Chitoji Takemoto
Pitching: RHP John York
Batting: LHB Xavier Pittman 0-0: Fly out, F8 (Flyball, 8RM, EV 80.0 MPH)
Batting: RHB Willie Cardamone 0-0: Ball
1-0: Ball
2-0: Ground out 4-3 (Groundball, 4M, EV 78.1 MPH)
Batting: LHB Colin Worthington 0-0: Called Strike
0-1: Ball
1-1: Called Strike
1-2: Ball
2-2: Ball
3-2: Strikes out swinging
Top of the 9th over - 0 runs, 0 hits, 0 errors, 0 left on base; Atlanta 3 - Milwaukee 6
Wednesday, June 22nd , 2022 - OOTP Baseball 23.4 Build 64